[Event "Western Asian Juniors Chess-ch 2023"]
[Site "Colombo"]
[Date "2023.12.05"]
[Round "9.1"]
[White "Thilakarathne, G M H"]
[Black "De Silva, L M S T"]
[Result "1-0"]
[ECO "D00"]
[WhiteElo "2389"]
[BlackElo "2394"]
[Annotator "RC"]
[PlyCount "137"]
[EventDate "2023.11.30"]
[EventCountry "SRI"]
[SourceTitle "playchess.com"]
[Source "ChessBase"]
[SourceQuality "1"]
[TimeControl "5400+30"]

1. d4 Nf6 2. Bg5 d5 3. Bxf6 exf6 4. e3 Bd6 5. g3 O-O 6. Bg2 c6 7. Ne2 Bf5 8. Nd2 Qd7 9. O-O Bh3 10. Bxh3 Qxh3 11. c4 dxc4 12. Nxc4 Bc7 13. Nc3 Nd7 14. Qf3 Rfd8 15. b4 Qe6 16. Nd2 Rac8 17. Rfc1 Bd6 18. a3 f5 19. Na4 g6 20. Rc2 Nf6 21. Nc5 Qe7 22. Rb1 Nd5 23. Kg2 Bxc5 24. Rxc5 Nc7 25. h4 Rd5 26. a4 Rcd8 27. Nb3 Ne6 28. Rxd5 Rxd5 29. Na5 Qc7 30. Nc4 a6 31. Ne5 h5 32. Rb2 Kg7 33. Nd3 Qd7 34. Nc1 Nc7 35. Ne2 Rd6 36. Nf4 Ne6 37. Nd3 Rd5 38. Ne5 Qc7 39. Kh2 Kg8 40. Qe2 Kg7 41. Qc4 Qd6 42. Nd3 Kg8 43. Qc3 Kh7 44. Nc1 g5 45. hxg5 Nxg5 46. Nd3 h4 47. Nf4 Qh6 48. Kg2 Rd6 49. Qd3 Rf6 50. Qe2 Ne6 51. Nxe6 fxe6 52. Rb1 Qg5 53. Rh1 Rh6 54. Qf3 Kg6 55. Rh3 Rh7 56. e4 Kf6 57. exf5 exf5 58. d5 cxd5 59. Qxd5 f4 60. Qxg5+ Kxg5 61. Rxh4 Rxh4 62. gxh4+ Kg4 63. h5 Kxh5 64. Kf3 a5 65. bxa5 Kg5 66. Ke4 Kg4 67. f3+ Kg3 68. a6 bxa6 69. a5 1-0

[Event "Western Asian Juniors Chess-ch 2023"]
[Site "Colombo"]
[Date "2023.12.05"]
[Round "9.2"]
[White "Raahul V S"]
[Black "Harshavardhan G B"]
[Result "1/2-1/2"]
[ECO "A46"]
[WhiteElo "2350"]
[BlackElo "2390"]
[Annotator "RC"]
[PlyCount "180"]
[EventDate "2023.11.30"]
[EventCountry "SRI"]
[SourceTitle "playchess.com"]
[Source "ChessBase"]
[SourceQuality "1"]
[TimeControl "5400+30"]

1. d4 Nf6 2. Bf4 e6 3. e3 c5 4. Nf3 Nc6 5. Nbd2 h6 6. Bg3 Nh5 7. Bd3 Nxg3 8. hxg3 d5 9. c3 Qb6 10. Qc2 Bd7 11. g4 Rc8 12. Qb3 g6 13. Qxb6 axb6 14. Bb5 Bg7 15. Nb3 Na5 16. Bxd7+ Kxd7 17. Nxa5 bxa5 18. Ne5+ Ke7 19. f4 g5 20. g3 cxd4 21. exd4 gxf4 22. gxf4 Bxe5 23. fxe5 Rcg8 24. Rh4 h5 25. Kf2 Rxg4 26. Rxg4 hxg4 27. Kg3 f5 28. exf6+ Kxf6 29. Kxg4 Rh2 30. Rf1+ Ke7 31. Rb1 b5 32. Kf4 Rh3 33. Rg1 Kd6 34. a3 b4 35. cxb4 axb4 36. Rg3 Rh2 37. axb4 Rxb2 38. Ke3 Rb3+ 39. Kf2 Rxb4 40. Rd3 Ke7 41. Ke3 Kf6 42. Rd1 Rb3+ 43. Kd2 Rf3 44. Re1 Ke7 45. Ra1 Rh3 46. Rf1 Rh5 47. Kd3 Rf5 48. Ra1 Kf7 49. Rh1 Kg6 50. Rg1+ Kh5 51. Re1 Rf3+ 52. Kd2 Rf6 53. Re5+ Kg6 54. Kd3 Kf7 55. Re1 Rh6 56. Rf1+ Ke7 57. Ra1 Rh3+ 58. Kd2 Rb3 59. Rf1 Ra3 60. Rh1 Kd6 61. Re1 Rg3 62. Kc2 Rg6 63. Kd3 Rh6 64. Rc1 Rh3+ 65. Kd2 Rh4 66. Kd3 Re4 67. Ra1 Kc6 68. Rc1+ Kd7 69. Ra1 Kd6 70. Rc1 Rg4 71. Re1 Rg8 72. Kd2 Ke7 73. Kd3 Rh8 74. Rf1 Re8 75. Ra1 Kf6 76. Rf1+ Kg5 77. Re1 Kf6 78. Rf1+ Ke7 79. Ra1 Rh8 80. Rf1 Rh6 81. Ra1 Kf6 82. Rf1+ Kg5 83. Re1 Kf4 84. Re5 Kf3 85. Re3+ Kf2 86. Re2+ Kf1 87. Re5 Rf6 88. Kd2 Kf2 89. Re2+ Kg3 90. Re3+ Kg2 1/2-1/2

[Event "Western Asian Juniors Chess-ch 2023"]
[Site "Colombo"]
[Date "2023.12.05"]
[Round "9.3"]
[White "Orozbaev, Eldiar"]
[Black "Mazhkenov, Alisher"]
[Result "1-0"]
[ECO "C15"]
[WhiteElo "2278"]
[BlackElo "2105"]
[Annotator "RC"]
[PlyCount "61"]
[EventDate "2023.11.30"]
[EventCountry "SRI"]
[SourceTitle "playchess.com"]
[Source "ChessBase"]
[SourceQuality "1"]
[TimeControl "5400+30"]

1. e4 Nc6 2. Nc3 e6 3. d4 Bb4 4. Qd3 d5 5. e5 f6 6. a3 Bxc3+ 7. Qxc3 fxe5 8. dxe5 Nge7 9. f4 Qd7 10. Nf3 b6 11. b4 Bb7 12. b5 Na5 13. Nd4 Nc4 14. Be2 c5 15. bxc6 Nxc6 16. O-O O-O 17. Nf3 Ne7 18. Qe1 Rac8 19. Bd3 h6 20. Nd4 Nc6 21. Nxc6 Bxc6 22. Qg3 Qe8 23. Bg6 Qe7 24. Bd3 Qe8 25. f5 exf5 26. Bxf5 Bd7 27. Bxh6 Rf7 28. Bg6 Rxf1+ 29. Rxf1 Qxe5 30. Bf7+ Kh8 31. Qh4 1-0

[Event "Western Asian Juniors Chess-ch 2023"]
[Site "Colombo"]
[Date "2023.12.05"]
[Round "9.4"]
[White "Ankit Ray"]
[Black "Liyanage, Ranindu Dilshan"]
[Result "1/2-1/2"]
[ECO "A46"]
[WhiteElo "1902"]
[BlackElo "2400"]
[Annotator "RC"]
[PlyCount "67"]
[EventDate "2023.11.30"]
[EventCountry "SRI"]
[SourceTitle "playchess.com"]
[Source "ChessBase"]
[SourceQuality "1"]
[TimeControl "5400+30"]

1. Nf3 Nf6 2. g3 b5 3. Bg2 Bb7 4. d4 e6 5. O-O Be7 6. Bg5 c5 7. c3 cxd4 8. Nxd4 Bxg2 9. Kxg2 Qb6 10. Qd3 a6 11. Nd2 d6 12. Qf3 Ra7 13. a4 Rc7 14. axb5 axb5 15. Qd3 Rb7 16. b4 h6 17. Bxf6 Bxf6 18. N2f3 Nc6 19. Ra8+ Bd8 20. Rfa1 Na7 21. Qd2 Qc7 22. Ra6 O-O 23. Qa2 e5 24. R8xa7 exd4 25. cxd4 Rxa7 26. Rxa7 Qc3 27. Qd2 Qc4 28. Ra2 Bb6 29. Rc2 Qd5 30. Qc3 Bd8 31. Qc6 Qb3 32. Qc3 Qd5 33. Qc6 Qb3 34. Qc3 1/2-1/2

[Event "Western Asian Juniors Chess-ch 2023"]
[Site "Colombo"]
[Date "2023.12.05"]
[Round "9.5"]
[White "Hommadov, Amanmuhammet"]
[Black "Senevirathne, S D B K"]
[Result "1-0"]
[ECO "C84"]
[WhiteElo "2055"]
[BlackElo "1802"]
[Annotator "NA RC"]
[PlyCount "73"]
[EventDate "2023.11.30"]
[EventCountry "SRI"]
[SourceTitle "playchess.com"]
[Source "ChessBase"]
[SourceQuality "1"]
[TimeControl "5400+30"]

1. e4 e5 2. Nf3 Nc6 3. Bb5 a6 4. Ba4 Nf6 5. O-O Nxe4 6. d4 Be7 7. Qe2 b5 8. Bb3 d5 9. dxe5 Na5 10. Rd1 Be6 11. Nd4 c5 12. Nf5 Bf8 13. Bxd5 Bxd5 14. Ne3 Bb7 15. Rxd8+ Rxd8 16. Nc3 Ng5 17. Nc4 Nh3+ 18. gxh3 Nxc4 19. b3 Nb6 20. Bg5 Rd4 21. Nxb5 axb5 22. Qxb5+ Rd7 23. Qxb6 h6 24. e6 fxe6 25. Qxe6+ Be7 26. Bxe7 Rxe7 27. Qg6+ Kd8 28. Rd1+ Kc8 29. Qf5+ Kb8 30. Qxc5 Rhe8 31. Qd6+ Ka8 32. Qd2 Re6 33. Qa5+ Kb8 34. Rd8+ Rxd8 35. Qxd8+ Ka7 36. f3 Bxf3 37. Qd7+ 1-0

[Event "Western Asian Juniors Chess-ch 2023"]
[Site "Colombo"]
[Date "2023.12.05"]
[Round "9.6"]
[White "Samaranayake, Pamok Methdinu"]
[Black "Manon, Reja Neer"]
[Result "0-1"]
[ECO "D00"]
[WhiteElo "1720"]
[BlackElo "2207"]
[Annotator "RC"]
[PlyCount "56"]
[EventDate "2023.11.30"]
[EventCountry "SRI"]
[SourceTitle "playchess.com"]
[Source "ChessBase"]
[SourceQuality "1"]
[TimeControl "5400+30"]

1. d4 Nf6 2. Nc3 d5 3. Bf4 g6 4. e3 Bg7 5. h4 a6 6. Bd3 c5 7. Nf3 Bg4 8. Be2 Nc6 9. Be5 e6 10. Ng5 Bxe2 11. Qxe2 h6 12. Nf3 O-O 13. O-O-O b5 14. Rdg1 Qa5 15. g4 cxd4 16. exd4 b4 17. Nb1 Ne4 18. Bxg7 Kxg7 19. Qe3 Qxa2 20. h5 g5 21. Nxg5 Nxg5 22. f4 Ne4 23. g5 Na5 24. gxh6+ Kh8 25. Nd2 Qa1+ 26. Nb1 Nc4 27. Qb3 Ncd2 28. Qd3 Qxb1# 0-1

[Event "Western Asian Juniors Chess-ch 2023"]
[Site "Colombo"]
[Date "2023.12.05"]
[Round "9.7"]
[White "Halynyazow, Vepaly"]
[Black "Janukshan, B."]
[Result "1/2-1/2"]
[ECO "D87"]
[WhiteElo "2020"]
[BlackElo "1635"]
[Annotator "NA RC"]
[PlyCount "75"]
[EventDate "2023.11.30"]
[EventCountry "SRI"]
[SourceTitle "playchess.com"]
[Source "ChessBase"]
[SourceQuality "1"]
[TimeControl "5400+30"]

1. d4 Nf6 2. c4 g6 3. Nc3 d5 4. cxd5 Nxd5 5. e4 Nxc3 6. bxc3 Bg7 7. Bc4 c5 8. Be3 Qa5 9. Qd2 cxd4 10. cxd4 Qxd2+ 11. Kxd2 O-O 12. Ne2 Nc6 13. Rhd1 Rd8 14. Ke1 e6 15. Rac1 Bd7 16. f3 Na5 17. Bd3 Rac8 18. Rxc8 Rxc8 19. Rc1 Rxc1+ 20. Nxc1 Kf8 21. g4 Nc6 22. Nb3 b6 23. g5 Nb4 24. Bb1 Ba4 25. Kd2 Bxb3 26. axb3 Ke8 27. Kc3 Bf8 28. Bd3 Nxd3 29. Kxd3 b5 30. Bd2 Kd7 31. d5 exd5 32. exd5 Bd6 33. h3 Ke7 34. Kd4 Kd7 35. Kd3 Ke7 36. Kd4 Kd7 37. Kd3 Ke7 38. Ke4 1/2-1/2

[Event "Western Asian Juniors Chess-ch 2023"]
[Site "Colombo"]
[Date "2023.12.05"]
[Round "9.8"]
[White "Wijerathna, Vinuka Dihain"]
[Black "Dissanayake, R K T"]
[Result "0-1"]
[ECO "B51"]
[WhiteElo "1534"]
[BlackElo "1865"]
[Annotator "NA RC"]
[PlyCount "128"]
[EventDate "2023.11.30"]
[EventCountry "SRI"]
[SourceTitle "playchess.com"]
[Source "ChessBase"]
[SourceQuality "1"]
[TimeControl "5400+30"]

1. e4 c5 2. Nf3 d6 3. Bb5+ Nc6 4. O-O e5 5. Re1 Nf6 6. c3 a6 7. Bf1 Be7 8. d4 Qc7 9. h3 h6 10. Be3 Nxe4 11. d5 Nf6 12. dxc6 bxc6 13. Na3 g5 14. Nh2 Nd5 15. Be2 f5 16. Bh5+ Kf8 17. Nc4 Be6 18. Qc2 Nf6 19. Be2 Kg7 20. Bf1 e4 21. Rad1 d5 22. Na3 Bd6 23. g3 f4 24. Bc1 fxg3 25. fxg3 Bxg3 26. Re2 Nh5 27. Be3 Bd6 28. Red2 Bxh2+ 29. Rxh2 Qg3+ 30. Kh1 Qxe3 31. Qf2 Qxf2 32. Rxf2 Ng3+ 33. Kg2 Nxf1 34. Rdxf1 Rhf8 35. Nc2 a5 36. Ne3 Rxf2+ 37. Rxf2 Rf8 38. Re2 Rf3 39. Nc2 Bxh3+ 40. Kh2 Bg4 41. Rg2 h5 42. b4 axb4 43. cxb4 cxb4 44. Nxb4 Rc3 45. Rc2 Rxc2+ 46. Nxc2 Bd1 47. Nd4 Ba4 48. Ne6+ Kf6 49. Nc5 Bb5 50. a4 Bc4 51. a5 e3 52. Kg3 h4+ 53. Kf3 h3 54. a6 Bxa6 55. Nxa6 h2 56. Kg2 e2 57. Kxh2 e1=Q 58. Nc5 Qf2+ 59. Kh1 Qxc5 60. Kg2 Qe3 61. Kf1 Qd2 62. Kg1 g4 63. Kf1 g3 64. Kg1 Qf2+ 0-1

[Event "Western Asian Juniors Chess-ch 2023"]
[Site "Colombo"]
[Date "2023.12.05"]
[Round "9.9"]
[White "Kulathilake, S M M P"]
[Black "Mujahid Bin Yazeed"]
[Result "0-1"]
[ECO "A65"]
[WhiteElo "1583"]
[BlackElo "1832"]
[Annotator "NA RC"]
[PlyCount "48"]
[EventDate "2023.11.30"]
[EventCountry "SRI"]
[SourceTitle "playchess.com"]
[Source "ChessBase"]
[SourceQuality "1"]
[TimeControl "5400+30"]

1. d4 Nf6 2. c4 c5 3. d5 e6 4. Nc3 exd5 5. cxd5 d6 6. e4 g6 7. Be2 Bg7 8. Be3 O-O 9. h4 Re8 10. Qc2 Nxe4 11. Nxe4 Bf5 12. Bd3 Bxe4 13. Bxe4 f5 14. Bxf5 gxf5 15. O-O-O Re4 16. Ne2 Na6 17. Kb1 Nb4 18. Qb3 a5 19. Ng3 a4 20. Qa3 Qe8 21. Bg5 Re2 22. Rd2 Re1+ 23. Rd1 Rxh1 24. Rxh1 f4 0-1

[Event "Western Asian Juniors Chess-ch 2023"]
[Site "Colombo"]
[Date "2023.12.05"]
[Round "9.10"]
[White "Nabil Nazar, Mohamed"]
[Black "Liyanage, Pesandu Rashmitha"]
[Result "1/2-1/2"]
[ECO "C43"]
[WhiteElo "1803"]
[BlackElo "1766"]
[Annotator "NA RC"]
[PlyCount "32"]
[EventDate "2023.11.30"]
[EventCountry "SRI"]
[SourceTitle "playchess.com"]
[Source "ChessBase"]
[SourceQuality "1"]
[TimeControl "5400+30"]

1. e4 e5 2. Nf3 Nf6 3. d4 Nxe4 4. Bd3 d5 5. Nxe5 Nd7 6. Nxf7 Qe7 7. Nxh8 Nc3+ 8. Kd2 Nxd1 9. Re1 Nxf2 10. Bxh7 Ne4+ 11. Rxe4 dxe4 12. Bg6+ Kd8 13. Nf7+ Ke8 14. Nd6+ Kd8 15. Nf7+ Ke8 16. Nd6+ Kd8 1/2-1/2